Map: Сумеречные башни

Players

DarkElf

  • Race: Terran Terran

zeroch

  • Race: Terran Terran
  • League: Platinum

busch

  • Race: Protoss Protoss
  • League: Platinum

kwi

  • Race: Protoss Protoss
  • League: Silver

VOD

Have the link to the VOD?

Description

Time

  • Played on: March 20, 2016, 3:31 p.m.
  • Length: 20:10
Show
View Real Time Build Order
Export as new Build Order

DarkElf Terran 

Build Orders: Reaper Expand, MMM Bio 

Get SALT Encoding   

  12  0:00  SCV  
  13  0:13  SCV  
  14  0:18  Supply Depot  
  14  0:25  SCV  
  15  0:39  SCV  
  15  0:40  Barracks  
  16  0:52  SCV, Refinery  
  17  1:04  SCV  
  18  1:16  SCV  
  19  1:28  Orbital Command  
  19  1:39  Reaper  
  20  1:48  Command Center  
  20  1:54  SCV  
  20  1:58  Refinery  
  21  2:06  SCV, Supply Depot  
  22  2:17  Factory  
  22  2:21  SCV  
  23  2:28  Marine  
  24  2:34  SCV  
  25  2:45  Marine  
  26  2:53  SCV  
  27  3:02  Starport  
  27  3:03  Widow Mine, Marine  
  27  3:04  Orbital Command  
  30  3:07  SCV  
  32  3:20  SCV  
  32  3:34  Widow Mine  
  32  3:40  Barracks  
  32  3:41  Medivac  
  36  3:42  Barracks  
  36  3:43  Barracks  
  36  3:48  SCV x2  
  37  3:51  Marine  
  39  3:58  Engineering Bay  
  39  4:01  SCV x2  
  41  4:05  Factory Tech Lab  
  40  4:13  SCV x2  
  42  4:20  Barracks Reactor  
  42  4:25  SCV x2  
  42  4:28  Supply Depot  
  42  4:31  Missile Turret  
  44  4:33  Missile Turret  
  44  4:38  Refinery  
  44  4:40  SCV x2  
  46  4:46  Barracks Reactor  
  46  4:47  Barracks Tech Lab  
  46  4:48  Barracks Tech Lab  
  46  4:51  Refinery  
  46  4:52  Missile Turret, SCV x2  
  48  4:55  Siege Tank  
  51  5:00  Marine x2  
  53  5:10  Stimpack  
  53  5:13  Marine x2  
  54  5:15  Combat Shields  
  54  5:31  Starport Reactor  
  54  5:36  Supply Depot  
  54  5:37  Supply Depot  
  54  5:38  Supply Depot  
  54  5:42  Engineering Bay  
  54  5:48  Terran Infantry Weapons Level 1  
  54  5:56  Marine x2  
  54  5:57  Siege Tank, SCV x2  
  59  6:09  SCV, Terran Infantry Armor Level 1  
  60  6:16  SCV  
  59  6:18  Marine  
  59  6:19  Marine  
  59  6:22  SCV  
  59  6:23  Medivac x2  
  59  6:25  Command Center  
  66  6:29  Siege Tank  
  66  6:30  Marine x3  
  66  6:31  Marine  
  73  6:37  Barracks  
  73  6:39  Barracks, Armory  
  73  6:42  SCV x2  
  75  6:48  Supply Depot  
  75  6:50  Supply Depot  
  75  6:53  Marine  
  75  6:54  Marine x2  
  78  7:09  Marine x2  
  78  7:13  Marine x3  
  83  7:27  Supply Depot  
  83  7:29  Barracks Reactor x2  
  73  7:34  Barracks Tech Lab  
  73  7:43  Orbital Command  
  73  7:47  Medivac x2  
  73  7:50  Supply Depot  
  77  8:03  SCV  
  77  8:04  SCV  
  78  8:05  Orbital Command  
  72  8:15  Marine x2  
  72  8:16  Marine x5  
  72  8:17  Marauder x2  
  83  8:20  Terran Infantry Weapons Level 2  
  83  8:21  Terran Infantry Armor Level 2  
  83  8:25  Missile Turret  
  83  8:26  Supply Depot  
  83  8:28  Supply Depot  
  83  8:32  SCV  
  83  8:33  SCV x2  
  86  8:44  SCV  
  86  8:45  SCV x2  
  86  8:46  Refinery  
  86  8:47  Siege Tank  
  92  8:51  Refinery  
  92  8:54  Ghost Academy  
  91  8:57  SCV x3  
  91  8:59  Supply Depot  
  91  9:00  Supply Depot  
  85  9:04  Marine x2, Marauder x2  
  85  9:05  Marine x4  
  85  9:06  Marauder  
  97  9:17  Missile Turret  
  97  9:19  Medivac x2  
  97  9:21  SCV x2  
  103  9:25  SCV  
  103  9:30  Marine x2  
  106  9:31  Marine, Marauder x2  
  106  9:32  Marine x3, Marauder  
  116  9:39  Siege Tank  
  119  9:48  Barracks, Marine  
  119  9:49  Barracks  
  119  9:50  Concussive Shells  
  119  9:51  Personal Cloaking  
  119  9:52  Ghost  
  120  9:55  Barracks  
  122  10:00  Ghost  
  124  10:09  Ghost  
  124  10:10  Marine x3  
  124  10:12  Medivac x2  
  133  10:22  SCV x3, Starport  
  136  10:32  Liberator x2  
  136  10:35  Command Center  
  136  10:37  Terran Infantry Weapons Level 3  
  136  10:38  Terran Infantry Armor Level 3  
  136  10:46  Terran Ship Weapons Level 1  
  142  10:51  Barracks Reactor  
  142  10:53  Barracks Tech Lab  
  142  10:54  Barracks Tech Lab  
  142  10:57  Ghost  
  142  10:58  Ghost  
  142  10:59  Marine  
  147  11:07  Siege Tank  
  141  11:15  Marine  
  141  11:16  Marine x4  
  141  11:17  Marine  
  146  11:20  Marauder  
  146  11:21  Marauder  
  146  11:29  Starport Reactor  
  140  11:33  Viking  
  140  11:34  Viking  
  140  11:35  Marine x3  
  140  11:36  Marine  
  148  11:55  Siege Tank  
  148  11:59  Marine x3  
  148  12:00  Ghost, Marine  
  157  12:02  Marauder  
  157  12:03  Viking, Missile Turret  
  157  12:04  Viking  
  157  12:05  Planetary Fortress  
  163  12:10  Missile Turret, Ghost  
  162  12:16  Marine x4  
  162  12:22  Supply Depot  
  166  12:24  Supply Depot  
  166  12:27  Refinery  
  166  12:28  Viking  
  166  12:29  Viking  
  168  13:04  Ghost, Marine x4  
  168  13:05  Ghost, Refinery  
  176  13:06  Marine x2, Marauder x3  
  176  13:07  Marine x2  
  176  13:10  Liberator  
  186  13:18  Viking, Command Center  
  188  13:21  Command Center  
  188  13:27  Viking, Marauder  
  188  13:28  Supply Depot  
  188  13:30  Supply Depot  
  188  13:32  Terran Ship Weapons Level 2  
  195  13:37  Marine  
  196  13:50  SCV x3, Marine  
  200  14:19  Marine  
  197  14:33  Viking  
  199  14:48  Liberator x2  
  199  14:49  Liberator x2  
  154  14:53  Marine x3  
  154  14:54  Marine x7  
  154  14:55  Marine  
  154  14:57  Marauder x2  
  157  15:10  Orbital Command  
  157  15:13  Marine x2, Marauder  
  157  15:14  Marine x3  
  160  15:26  Marine x2  
  160  15:27  Marine x2  
  164  15:34  Starport  
  164  15:39  Starport  
  164  15:43  Barracks  
  164  15:44  Barracks  
  164  15:47  Planetary Fortress  
  164  15:48  Viking x2  
  168  15:57  Marine x4  
  168  15:58  Marine x2  
  168  15:59  Marauder x4  
  174  16:12  Missile Turret  
  127  16:28  Marine x2  
  127  16:29  Marine x3  
  105  16:40  Marine x3  
  105  16:41  Marauder x3  
  113  16:54  Marine x3  
  113  16:57  Starport Reactor x2  
  104  17:12  Medivac x4  
  112  17:20  SCV  
  112  17:21  SCV x4  
  112  17:22  Missile Turret x2  
  117  17:23  Missile Turret  
  117  17:25  Marauder  
  117  17:26  Marine x7, Marauder x3  
  117  17:27  Marine  
  133  17:35  Liberator x2  
  133  17:36  SCV x3  
  133  17:37  SCV x3  
  139  17:52  Medivac x2  
  139  17:53  Viking x4  
  157  18:04  Refinery  
  144  18:09  Barracks Reactor x2, Refinery  
  144  18:10  Ghost x3  
  144  18:12  Marine x4, Marauder x2  
  155  18:13  Marine  
  158  18:26  Liberator x2  
  158  18:29  SCV  
  159  18:37  Marine x3  
  159  18:38  Command Center, Marauder x2  
  166  18:42  Viking x2  
  166  18:46  Medivac  
  178  18:56  Missile Turret  
  178  19:03  Missile Turret  
  178  19:10  Sensor Tower  
  176  19:20  Sensor Tower  
  175  19:30  Marine  
  175  19:31  Marine x2  
  178  19:32  Orbital Command  
  178  19:34  Marauder  
  178  19:35  Ghost x2, Marauder x2  
  178  19:37  Marine x5  
  193  19:38  Marine  
  194  19:53  Sensor Tower  
Show
View Real Time Build Order
Export as new Build Order

zeroch Terran 

Build Orders:  

Get SALT Encoding   

  12  0:01  Probe (Chrono Boost)  
  13  0:11  Probe (Chrono Boost)  
  14  0:22  Pylon  
  14  0:23  Probe (Chrono Boost)  
  15  0:41  Probe (Chrono Boost)  
  16  0:46  Gateway  
  16  0:51  Probe (Chrono Boost)  
  16  0:56  Assimilator  
  17  1:02  Probe (Chrono Boost)  
  18  1:06  Assimilator  
  18  1:10  Pylon  
  19  1:18  Probe (Chrono Boost)  
  19  1:28  Pylon  
  19  1:29  Probe (Chrono Boost)  
  20  1:40  Cybernetics Core  
  20  1:41  Probe (Chrono Boost)  
  21  1:51  Probe (Chrono Boost)  
  22  2:06  Probe (Chrono Boost)  
  23  2:17  Warp Gate (Chrono Boost), Twilight Council  
  23  2:20  Probe (Chrono Boost)  
  23  2:21  Adept (Chrono Boost)  
  25  2:31  Probe  
  26  2:44  Probe  
  26  2:58  Pylon, Nexus  
  26  3:02  Probe  
  27  3:17  Twilight Council  
  27  3:18  Mothership Core  
  29  3:25  Pylon  
  29  3:29  Adept  
  31  3:42  Probe  
  32  3:54  Probe  
  33  3:56  Templar Archives  
  33  3:58  Gateway  
  33  4:01  Resonating Glaives  
  33  4:08  Probe  
  33  4:09  Probe  
  35  4:19  Robotics Facility  
  35  4:20  Probe  
  35  4:23  Probe  
  36  4:28  Psionic Storm  
  37  4:32  Assimilator  
  37  4:33  Probe  
  38  4:41  Probe  
  39  4:46  Probe  
  40  5:06  Stalker  
  41  5:28  Observer (Chrono Boost)  
  37  6:07  Probe (Chrono Boost)  
  38  6:12  High Templar  
  38  6:13  Probe (Chrono Boost)  
  41  6:19  Probe (Chrono Boost)  
  41  6:21  Adept  
  41  6:22  Assimilator  
  41  6:25  Probe (Chrono Boost)  
  45  6:26  Observer, Forge  
  45  6:30  Probe (Chrono Boost)  
  47  6:35  Probe (Chrono Boost)  
  48  6:40  Forge  
  48  6:46  Probe (Chrono Boost)  
  49  6:48  Forge  
  49  6:50  Observer  
  50  6:54  Sentry  
  50  6:55  Adept  
  50  6:56  Probe (Chrono Boost)  
  50  6:58  Probe (Chrono Boost)  
  56  7:07  Probe (Chrono Boost)  
  57  7:09  Probe (Chrono Boost)  
  58  7:17  Probe (Chrono Boost)  
  58  7:19  Probe (Chrono Boost)  
  58  7:20  Pylon  
  60  7:23  Stalker  
  62  7:30  Pylon  
  62  7:38  Probe x2 (Chrono Boost)  
  64  7:44  Gateway  
  64  7:45  Gateway  
  64  7:48  Probe (Chrono Boost)  
  64  7:50  Stalker x2  
  69  8:03  Pylon  
  67  8:16  High Templar x2  
  67  8:19  Gateway  
  71  8:20  Gateway  
  71  8:28  Photon Cannon  
  71  8:33  Forge  
  71  8:35  Protoss Ground Armor Level 1 (Chrono Boost)  
  71  8:40  Blink (Chrono Boost)  
  71  8:43  Gateway  
  71  8:46  Probe  
  71  8:48  Stalker x2  
  76  8:49  Gateway  
  76  8:54  Pylon  
  76  8:56  Pylon  
  76  8:58  Probe  
  76  9:00  High Templar x2, Photon Cannon  
  81  9:03  Photon Cannon  
  81  9:11  Protoss Ground Weapons Level 1 (Chrono Boost)  
  81  9:29  Robotics Bay  
  81  9:33  Nexus  
  81  9:34  Stalker  
  81  9:35  Pylon, Probe  
  84  9:50  Adept  
  84  9:51  High Templar x2  
  84  9:52  Zealot x2  
  94  10:06  Assimilator  
  94  10:16  Extended Thermal Lance  
  94  10:19  Probe  
  94  10:20  Probe  
  96  10:22  Colossus  
  102  10:30  Pylon  
  102  10:32  Probe x2  
  104  10:40  Protoss Ground Armor Level 2 (Chrono Boost)  
  104  10:42  Adept x2  
  108  10:44  Probe  
  108  10:45  Probe  
  110  10:58  Assimilator  
  110  11:00  Stalker x3  
  116  11:08  Protoss Ground Weapons Level 2 (Chrono Boost)  
  116  11:14  Stalker  
  113  11:28  Pylon  
  113  11:30  Colossus (Chrono Boost)  
  113  11:32  Zealot x2  
  121  11:46  Probe  
  122  11:51  Charge (Chrono Boost)  
  122  12:09  Stalker  
  122  12:10  Stalker x2  
  122  12:11  Adept x4  
  136  12:20  Pylon  
  136  12:22  Pylon  
  136  12:32  Stalker x2  
  136  12:36  Pylon  
  140  12:37  Pylon  
  140  12:51  Pylon  
  140  12:59  Stalker x4  
  140  13:00  Adept, Stalker  
  140  13:01  Adept x2  
  156  13:29  Colossus (Chrono Boost)  
  156  13:32  High Templar x4  
  170  13:34  Zealot x4  
  170  13:40  Archon  
  178  13:41  Archon  
  175  13:59  Pylon  
  175  14:09  Pylon  
  175  14:11  Pylon  
  175  14:13  Pylon  
  175  14:14  Pylon  
  175  14:27  Protoss Ground Weapons Level 3 (Chrono Boost)  
  175  14:28  Protoss Ground Armor Level 3 (Chrono Boost)  
  175  14:32  Pylon  
  175  14:33  Stalker  
  175  14:34  Stalker x6  
  175  14:35  Stalker  
  150  14:59  Stalker  
  142  15:00  Adept x2, Stalker x3  
  142  15:01  Adept  
  154  15:22  Stalker  
  154  15:23  Stalker x4  
  154  15:24  Adept  
  166  15:30  High Templar x2  
  170  15:42  Nexus  
  170  15:48  High Templar x2  
  174  15:56  Zealot x3  
  180  16:03  Stalker x2  
  163  16:24  Adept x3  
  163  16:25  Adept x3  
  99  16:36  Archon  
  99  16:37  Archon  
  99  16:39  Archon  
  67  16:49  Colossus (Chrono Boost)  
  67  16:52  Pylon  
  73  16:54  Pylon  
  63  17:19  Zealot  
  63  17:20  High Templar x2, Adept x3, Zealot  
  63  17:22  Zealot  
  79  17:33  Probe  
  79  17:34  Assimilator, Probe  
  81  17:39  Assimilator  
  81  17:42  Pylon  
  61  18:03  Adept x4  
  61  18:04  Adept x4  
  69  18:10  Probe  
  70  18:18  Nexus  
  70  18:20  Probe  
  70  18:24  High Templar x2  
  75  18:36  Stalker x2  
  79  18:44  Adept  
  81  18:54  Probe  
  81  19:01  Pylon  
  80  19:09  Stalker x2  
  70  19:27  Stalker x2  
  70  19:58  Adept x3  
  70  19:59  Adept  
Show
View Real Time Build Order
Export as new Build Order

busch Protoss 

Build Orders:  

Get SALT Encoding   

Show
View Real Time Build Order
Export as new Build Order

kwi Protoss 

Build Orders:  

Get SALT Encoding   

Tags
 
Add a new tag
Caveats
  • Supply blocks, unpowered buildings, or Contaminate may cause inaccurate times.
  • Supply counts are checked every 10 seconds.